 Dungeon Crawl Stone Soup version 0.30-a0-373-gd37427bb62 (webtiles) character file.

Game seed: 11968940429793397961

14447 nomicflux the Fighter (level 11, -17/104 HPs)
             Began as a Yellow Draconian Conjurer on Nov 23, 2022.
             Was an Elder of Vehumet.
             Demolished by a catoblepas (26 damage)
             ... on level 2 of the Lair of Beasts.
             The game lasted 01:00:23 (17422 turns).

nomicflux the Fighter (Yellow Draconian Conjurer)  Turns: 17422, Time: 01:00:23

Health: -17/104    AC: 12    Str: 10    XL:     11   Next: 88%
Magic:  7/18       EV: 12    Int: 22    God:    Vehumet [****..]
Gold:   558        SH:  0    Dex: 10    Spells: 4/20 levels left

rFire   + + .      SeeInvis .    L - +8 mace "Washir" {drain, rF++}
rCold   . . .      Faith    .    (no shield)
rNeg    + . .      Spirit   .    (body armour unavailable)
rPois   .          Reflect  .    (helmet restricted)
rElec   .          Harm     .    q - +1 cloak
rCorr   +          Rampage  .    (no gloves)
Will    .....                    k - +2 pair of boots
Stlth   ++........               i - amulet of regeneration
HPRegen 1.17/turn                n - ring of positive energy
MPRegen 0.16/turn                (no ring)

@: about to teleport
A: spit acid, AC +7, unfitting armour, cold-blooded, acid resistance
a: Breathe Acid, Renounce Religion


You were on level 2 of the Lair of Beasts.
You worshipped Vehumet.
Vehumet was greatly pleased with you.
You visited 3 branches of the dungeon, and saw 14 of its levels.
You also visited: Gauntlet.

You collected 598 gold pieces.
You spent 40 gold pieces at shops.

Inventory:

Hand Weapons
 G - a +0 shortbow
 L - the +8 mace "Washir" (weapon) {drain, rF++}
   (You found it on level 2 of the Lair of Beasts)

   A truly terrible weapon, it drains the life of any living foe it strikes.
   rF:        It greatly protects you from fire.
Missiles
 e - 10 throwing nets
Armour
 k - a +2 pair of boots (worn)
 q - a +1 cloak (worn)
Jewellery
 i - an amulet of regeneration (around neck)
 n - a ring of positive energy (left hand)
 I - a ring of flight
Wands
 h - a wand of digging (5)
 F - a wand of charming (4)
 K - a wand of flame (14)
 M - a wand of mindburst (7)
Scrolls
 c - 2 scrolls of summoning
 j - 2 scrolls of fear
 l - a scroll of enchant armour
 u - a scroll of magic mapping
 y - 3 scrolls of amnesia
 z - 4 scrolls of identify
 A - 2 scrolls of teleportation
 H - a scroll of silence
Potions
 a - 2 potions of magic
 b - a potion of brilliance
 d - a potion of flight {unknown}
 f - 2 potions of curing
 v - 2 potions of cancellation
 x - a potion of invisibility
 B - a potion of ambrosia
 J - 2 potions of might


   Skills:
 + Level 11.8 Fighting
 + Level 3.3 Maces & Flails
 - Level 1.7 Dodging
 - Level 1.7 Stealth
 - Level 5.0 Spellcasting
 + Level 11.6 Conjurations
 + Level 9.2 Translocations
 + Level 4.2 Earth Magic


You had 4 spell levels left.
You knew the following spells:

 Your Spells              Type           Power      Damage    Failure   Level
a - Magic Dart            Conj           100%       1d8       1%          1
b - Searing Ray           Conj           100%       2d8       1%          2
c - Gell's Gravitas       Tloc           46%        N/A       1%          3
d - Iskenderun's Mystic   Conj/Tloc      51%        2d11      1%          4
e - Teleport Other        Tloc           46%        N/A       1%          3
f - Stone Arrow           Conj/Erth      80%        3d12      1%          3

Your spell library contained the following spells:

 Spells                   Type           Power      Damage    Failure   Level
 Arcjolt                  Conj/Air       15%        1d25      7%          5
 Dazzling Flash           Conj/Hex       62%        N/A       1%          3
 Fulminant Prism          Conj/Hex       15%        3d10      2%          4
 Passage of Golubria      Tloc           46%        N/A       2%          4
 Sublimation of Blood     Necr           5%         N/A       16%         2
 Wereblood                Tmut           5%         N/A       16%         2
 Iskenderun's Battlesphe  Conj           54%        2d10      1%          5
 Iron Shot                Conj/Erth      20%        9d5       16%         6
 Dispersal                Tloc           23%        N/A       34%         6
 Spellforged Servitor     Conj/Summ      15%        N/A       86%         7
 Silence                  Hex/Air        2%         N/A       95%         5
 Lehudib's Crystal Spear  Conj/Erth      20%        10d6      99%         8
 Summon Hydra             Summ           2%         N/A       100%        7


Dungeon Overview and Level Annotations

Branches:
Dungeon (10/15)            Temple (1/1) D:6            Lair (3/5) D:8
  Snake (0/4) Lair:2      Gauntlet (visited)
  Swamp: Lair:2-3    Shoals: Lair:2-3       Orc: D:9-12

Altars:
Ashenzari
Cheibriados
Dithmenos
Elyvilon
Fedhas
Gozag
Hepliaklqana
Kikubaaqudgha
Makhleb
Nemelex Xobeh
Okawaru
Qazlal
Ru
Sif Muna
Trog
Uskayaw
Vehumet
Wu Jian
Xom
Yredelemnul
Zin
The Shining One

Shops:
D:5 :   D:7 ?

Annotations:
D:1 1 transporter
D:7 1 runed translucent door, billz999's ghost, novice GnHu
D:10 Sonja
Lair:2 Amaemon; Erica


Innate Abilities, Weirdness & Mutations

You can spit globs of acid.
Your golden yellow scales are hard. (AC +7)
You cannot fit into any form of body armour.
You are cold-blooded and may be slowed by cold attacks.
You are resistant to acid. (rCorr)


Message History

The boulder beetle hits you!!
* * * LOW HITPOINT WARNING * * *
The boulder beetle stops rolling and uncurls.
You climb upwards.
Level annotation: Amaemon; Erica
There is a stone staircase leading down here.
A catoblepas is nearby!
Unknown command.
The catoblepas breathes a plume of calcifying dust at you.
The blast of calcifying dust hits you but does no damage.
You are engulfed in calcifying dust.
You are slowing down.
The catoblepas breathes a plume of calcifying dust at you.
The blast of calcifying dust hits you.
Your limbs are stiffening.
You have turned to stone.
The catoblepas gores you!! The catoblepas gores you. The catoblepas gores you!
You turn to flesh and can move again.
There is a stone staircase leading up, spattered with blood here.
Casting: Magic Dart (safe; 1% risk of failure)
Confirm with . or Enter, or press ? or * to list all spells.
You erupt in a blast of force!
The mystic blast hits the catoblepas!
The catoblepas is lightly wounded.
The catoblepas gores you!!
* * * LOW HITPOINT WARNING * * *
Unknown command.
The catoblepas gores you but does no damage.
Okay, then.
Okay, then.
Okay, then.
You feel better. The catoblepas gores you!!
* * * LOW HITPOINT WARNING * * *
The catoblepas breathes a plume of calcifying dust at you.
The blast of calcifying dust hits you but does no damage.
The catoblepas attacks as you move away!
The catoblepas barely misses you.
As you read the scroll of teleportation, it crumbles to dust.
You feel strangely unstable. The catoblepas gores you!!
You die...

###..........##
####
#........###
###.<#
#......##.#
###..#.#
#....######
#....###
#.....## ..####
#......## .##
#.......### ##
#.........## #
#...@..#.#.###
#
##..Y§§#..#..#
#
#..§§.......##
# ##.....###.##
# #<...###.#.##
##
#.....###.#.#
.# ##....##
##### P#
#......# ###
##.....##


You could see a catoblepas.

Vanquished Creatures
  A boulder beetle (Lair:2)
  Pikel (D:5)
  An orange demon (Lair:2)
  4 black mambas
  5 cane toads
  5 komodo dragons
  Maggie (D:6)
  A rime drake (Lair:1)
  A kobold demonologist (D:8)
  8 blink frogs (Lair:1)
  Sigmund (D:5)
  Eustachio (D:5)
  7 yaks
  Menkaure (D:5)
  2 nagas (Lair:2)
  4 water moccasins
  2 sky beasts (D:7)
  2 orc warriors (D:8)
  4 black bears
  Duvessa (D:5)
  5 ice beasts
  A centaur (D:9)
  An ogre (D:5)
  A lemure (D:5)
  A kobold brigand (D:8)
  3 necrophages
  9 bullfrogs
  2 gnoll sergeants
  4 scorpions
  6 wights
  5 killer bees (D:9)
  Dowan (D:5)
  4 howler monkeys
  2 vampire bats (D:8)
  5 orc priests
  4 hounds
  2 jellies (D:4)
  A gnoll bouda (D:5)
  Crazy Yiuf (D:3)
  Terence (D:1)
  3 iguanas
  Natasha (twice) (D:2)
  8 orc wizards
  6 hell rats (Lair:1)
  21 gnolls
  9 adders
  12 river rats (Lair:1)
  4 shadow imps
  A white imp (D:8)
  An ufetubus (D:4)
  3 worms
  2 dart slugs (D:2)
  18 orcs
  8 ball pythons
  8 endoplasms
  4 giant cockroaches
  5 goblins
  3 hobgoblins
  4 jackals (D:1)
  12 quokkas
  12 bats
  2 frilled lizards
  9 kobolds
  17 rats
286 creatures vanquished.

Vanquished Creatures (others)
  3 demonic plants (Gauntlet)
  14 fungi
  21 plants
  19 withered plants (Gauntlet)
57 creatures vanquished.

Grand Total: 343 creatures vanquished

Notes
Turn   | Place    | Note
-------+----------+-------------------------------------------
     0 | D:1      | nomicflux the Draconian Conjurer began the quest for the
                  | Orb.
     0 | D:1      | Reached XP level 1. HP: 14/14 MP: 3/3
   175 | D:1      | Reached skill level 1 in Fighting
   310 | D:1      | Reached XP level 2. HP: 23/23 MP: 1/5
   381 | D:1      | Learned a level 2 spell: Searing Ray
   841 | D:1      | You fall into a shaft and drop 1 floor!
  1003 | D:2      | Reached XP level 3. HP: 29/29 MP: 2/6
  1257 | D:2      | Noticed Natasha
  1262 | D:2      | Killed Natasha
  1263 | D:2      | Reached XP level 4. HP: 37/37 MP: 2/7
  1323 | D:2      | Noticed Terence
  1334 | D:3      | Reached skill level 5 in Conjurations
  1793 | D:1      | Killed Terence
  2030 | D:2      | Found a faded altar of an unknown god.
  2542 | D:2      | Noticed Natasha
  2552 | D:2      | Killed Natasha
  2553 | D:2      | Reached XP level 5. HP: 46/46 MP: 0/8
  2716 | D:3      | Found a runed translucent door.
  2717 | D:3      | Noticed Crazy Yiuf
  2723 | D:3      | Killed Crazy Yiuf
  3075 | D:3      | Found a white marble altar of Elyvilon.
  3136 | D:3      | Found an opulent altar of Gozag.
  3441 | D:3      | Noticed an ice beast
  3475 | D:3      | Killed an ice beast
  3476 | D:3      | Reached XP level 6. HP: 53/53 MP: 1/10
  3648 | D:4      | Found a hide-covered altar of Uskayaw.
  4601 | D:3      | Learned a level 3 spell: Gell's Gravitas
  4606 | D:3      | Learned a level 4 spell: Iskenderun's Mystic Blast
  4930 | D:4      | Your scales start taking on a golden yellow colour.
  4930 | D:4      | Reached XP level 7. HP: 60/60 MP: 2/12
  4930 | D:4      | Gained mutation: You are resistant to acid. (rCorr) [Yellow
                  | Draconian growth]
  5037 | D:4      | Reached skill level 5 in Fighting
  5116 | D:4      | Reached skill level 1 in Translocations
  5314 | D:5      | Entered Level 5 of the Dungeon
  5332 | D:5      | Found Ulav's Book Shoppe.
  5380 | D:5      | Found a broken altar of Ashenzari.
  5385 | D:5      | Found a burning altar of Makhleb.
  5543 | D:5      | Found a sparkling altar of Nemelex Xobeh.
  5645 | D:6      | Found a staircase to the Ecumenical Temple.
  5645 | D:6      | Noticed Pikel
  5678 | D:5      | Killed Pikel
  5679 | D:5      | Reached XP level 8. HP: 19/70 MP: 2/14
  6036 | Temple   | Entered the Ecumenical Temple
  6102 | Temple   | Became a worshipper of Vehumet
  6365 | D:5      | Noticed Sigmund
  6373 | D:5      | Killed Sigmund
  6374 | D:5      | Reached skill level 5 in Spellcasting
  6561 | D:5      | Learned a level 3 spell: Teleport Other
  6689 | D:5      | Noticed Duvessa
  6689 | D:5      | Noticed Dowan
  6698 | D:5      | Killed Duvessa
  6700 | D:5      | Killed Dowan
  6813 | D:5      | Noticed Eustachio
  6832 | D:5      | Killed Eustachio
  6833 | D:5      | Reached XP level 9. HP: 79/79 MP: 7/16
  6834 | D:5      | Noticed Menkaure
  6913 | D:5      | Killed Menkaure
  6914 | D:5      | Reached skill level 5 in Translocations
  7787 | D:6      | Reached * piety under Vehumet
  7787 | D:6      | Offered knowledge of Kiss of Death by Vehumet.
  8074 | D:6      | Noticed Maggie
  8388 | D:6      | Killed Maggie
  8878 | D:7      | Found the +5 robe of Night {Dark Will+ SInv}
  8883 | D:7      | Found Temn's Magic Scroll Shoppe.
  8973 | D:7      | Bought a scroll of identify for 20 gold pieces
  8973 | D:7      | Bought a scroll of identify for 20 gold pieces
  9638 | D:7      | Noticed billz999's ghost (novice GnHu)
  9641 | D:7      | Found a runed translucent door.
  9754 | D:7      | Reached XP level 10. HP: 91/91 MP: 12/17
 10611 | D:8      | Offered knowledge of Foxfire by Vehumet.
 10612 | D:8      | Reached ** piety under Vehumet
 11012 | D:8      | Identified the +5 ring mail of the Gusle {Int+4 Dex-3
                  | Stlth+}
 11435 | D:8      | Noticed a sixfirhy
 11519 | D:8      | Reached skill level 10 in Conjurations
 11631 | D:8      | Found a staircase to the Lair.
 11809 | D:8      | Offered knowledge of Ignite Poison by Vehumet.
 11957 | D:8      | Reached skill level 10 in Fighting
 12332 | D:9      | Reached *** piety under Vehumet
 12656 | D:9      | Noticed a gargoyle
 12662 | D:10     | Entered Level 10 of the Dungeon
 12662 | D:10     | Noticed Sonja
 12815 | D:10     | Found a shimmering altar of Xom.
 13019 | Lair:1   | Entered Level 1 of the Lair of Beasts
 13364 | Lair:1   | Noticed a black mamba
 13383 | Lair:1   | Killed a black mamba
 13763 | Lair:1   | Offered knowledge of Stone Arrow by Vehumet.
 13768 | Lair:1   | Learned a level 3 spell: Stone Arrow
 13777 | Lair:1   | Reached XP level 11. HP: 101/101 MP: 6/18
 13990 | Lair:1   | Reached skill level 1 in Earth Magic
 13994 | Lair:1   | Reached **** piety under Vehumet
 14856 | Lair:2   | Identified the +8 mace "Washir" {drain, rF++}
 14867 | Lair:2   | Noticed a boulder beetle
 14896 | Lair:2   | Killed a boulder beetle
 15036 | Lair:2   | Offered knowledge of Arcjolt by Vehumet.
 15037 | Lair:2   | Reached skill level 1 in Maces & Flails
 15268 | Lair:2   | Found a staircase to the Snake Pit.
 15406 | Lair:2   | Noticed Erica
 16272 | Lair:2   | Noticed Amaemon
 16531 | Lair:3   | Found a gate leading to a gauntlet.
 16535 | Lair:3   | Noticed a catoblepas
 16657 | Gauntlet | Entered a Gauntlet
 16657 | Gauntlet | Found a transporter.
 16657 | Gauntlet | Found a transporter.
 16661 | Gauntlet | Noticed a sixfirhy
 16738 | Gauntlet | Found a transporter.
 16738 | Gauntlet | Found a transporter.
 16747 | Gauntlet | Found a transporter.
 16747 | Gauntlet | Noticed a blizzard demon
 16791 | Gauntlet | Found a transporter.
 16806 | Gauntlet | Noticed an anaconda
 16807 | Gauntlet | Noticed a harpy
 16808 | Gauntlet | Noticed a lindwurm
 16809 | Gauntlet | Found a transporter.
 16812 | Gauntlet | an anaconda changed into a jorogumo
 16812 | Gauntlet | Noticed a jorogumo (glowing shapeshifter)
 16817 | Gauntlet | a jorogumo changed into a radroach
 16817 | Gauntlet | Noticed a radroach (glowing shapeshifter)
 16819 | Gauntlet | a radroach changed into a slime creature
 16823 | Gauntlet | a slime creature changed into an anaconda
 16823 | Gauntlet | Noticed an anaconda (glowing shapeshifter)
 16826 | Gauntlet | Found a transporter.
 16826 | Gauntlet | an anaconda changed into a satyr
 16826 | Gauntlet | Noticed a satyr (glowing shapeshifter)
 16828 | Gauntlet | Noticed a death drake
 16829 | Gauntlet | a satyr changed into a goliath frog
 16829 | Gauntlet | Noticed a goliath frog (glowing shapeshifter)
 16855 | Gauntlet | Noticed a spark wasp
 16861 | Gauntlet | a spark wasp changed into an ettin
 16861 | Gauntlet | Noticed an ettin (glowing shapeshifter)
 16862 | Gauntlet | an ettin changed into a tyrant leech
 16863 | Gauntlet | a tyrant leech changed into a radroach
 16863 | Gauntlet | Noticed a radroach (glowing shapeshifter)
 16866 | Gauntlet | a radroach changed into a boulder beetle
 16866 | Gauntlet | Noticed a boulder beetle (glowing shapeshifter)
 16868 | Gauntlet | a swamp worm changed into a lindwurm
 16868 | Gauntlet | Noticed a lindwurm (shapeshifter)
 16868 | Gauntlet | a boulder beetle changed into something unseen
 16872 | Gauntlet | Noticed a storm dragon
 16873 | Gauntlet | a storm dragon changed into a dire elephant
 16873 | Gauntlet | Noticed a dire elephant (glowing shapeshifter)
 16879 | Gauntlet | a lindwurm changed into a swamp worm
 16883 | Gauntlet | a dire elephant changed into a fenstrider witch
 16883 | Gauntlet | Noticed a fenstrider witch (glowing shapeshifter)
 16884 | Gauntlet | a fenstrider witch changed into an iron troll
 16884 | Gauntlet | Noticed an iron troll (glowing shapeshifter)
 16921 | Gauntlet | Found a transporter.
 16923 | Gauntlet | Found a transporter.
 16931 | Gauntlet | Found a transporter.
 16931 | Gauntlet | Found a transporter.
 16942 | Gauntlet | Noticed a quicksilver ooze
 16967 | Gauntlet | Found a transporter.
 16992 | Gauntlet | Found a transporter.
 17031 | Gauntlet | Found a transporter.
 17046 | Gauntlet | Found a transporter.
 17349 | Lair:3   | Noticed a boulder beetle
 17418 | Lair:2   | HP: 5/104 [catoblepas (23)]
 17422 | Lair:2   | Demolished by a catoblepas

Illustrated notes

Levels and vault maps discovered:
D:1:      spicycebolla_arrival_risky_transporter, layout_basic, serial_rivers,
          chequers_serial_rivers_micro_e, chequers_serial_rivers_marsh,
          chequers_serial_rivers_large_a, chequers_serial_rivers_micro_a
D:2:      layout_loops_corners, ebering_ecumenical_altar_sacrificial,
          minmay_vboxes, uniq_terence, uniq_natasha
D:3:      layout_loops_ring, nicolae_elyvilon_temple_path,
          mainiacjoe_overflow_boulevard, serial_forest,
          infiniplex_forest_clump_diagonal, infiniplex_forest_clump_curved,
          infiniplex_forest_straight_5, infiniplex_forest_straight_4,
          infiniplex_forest_diagonal, infiniplex_forest_zigzag_1,
          infiniplex_forest_lined_ring, minivault_24, uniq_crazy_yiuf_cottage
D:4:      layout_basic, mainiacjoe_overflow_catwalk
D:5:      layout_basic, nemelex_xobeh_ov_fountains_minmay,
          mainiacjoe_overflow_big_doors, serial_shops, nicolae_shop_waterfront,
          supply_closet_lemuel, kennysheep_generic_room_4, uniq_sigmund,
          uniq_menkaure, uniq_duvessa, uniq_eustachio
D:6:      layout_gridville, minmay_temple_entry_purple_smoke, uniq_maggie,
          uniq_pikel
D:7:      layout_basic, serial_shops, nicolae_shop_advertising_works
          [nicolae_subvault_shop_adworks], hellmonk_ghost_happy_afterlife
D:8:      layout_gridville, grunt_lair_entry_orc_guard_hut, roderic_batcave
D:9:      layout_loops_ring
D:10:     layout_irregular_city, xom_teletrap_fun, hiddenorc1_lemuel,
          uniq_sonja, uniq_josephine
Temple:   eino_wide_crystal_templ
Lair:1:   lemuel_ratsnest, layout_chaotic_city
Lair:2:   layout_cave_pods, minmay_shoals_entry_lonely_mermaid,
          guppyfry_snake_entry_island, uniq_erica, uniq_amaemon
Lair:3:   layout_regular_city, gauntlet_entry_generic, lemuel_old_faithful

Skill      XL: |  1  2  3  4  5  6  7  8  9 10 11 |
---------------+----------------------------------+-----
Fighting       | 1 2 3 4 6 7 9 10 11 | 11.8
Conjurations   | 5 6 7 9 10 11 | 11.6
Spellcasting   | 3 4 5 |  5.0
Translocations | 3 4 6 8 9 |  9.2
Earth Magic    | 4 |  4.2
Maces & Flails | 3 |  3.3
Dodging        | |  1.7
Stealth        | |  1.7

Action                   |  1- 3 |  4- 6 |  7- 9 | 10-12 || total
-------------------------+-------+-------+-------+-------++-------
Melee: Club              |    25 |     8 |       |       ||    33
       Tailslap          |     2 |     1 |     1 |    12 ||    16
       War axe           |       |     6 |     2 |    42 ||    50
       Mace              |       |       |       |    31 ||    31
 Cast: Magic Dart        |    31 |    18 |     5 |    10 ||    64
       Searing Ray       |     8 |    46 |    71 |   102 ||   227
       Gell's Gravitas   |       |       |     3 |    35 ||    38
       Iskenderun's Myst |       |       |     3 |    46 ||    49
       Teleport Other    |       |       |     3 |     9 ||    12
       Stone Arrow       |       |       |       |     4 ||     4
 Abil: Breathe Acid      |       |       |     1 |    10 ||    11
  Use: Scroll            |       |     9 |     9 |     8 ||    26
       Potion            |       |     2 |     3 |     6 ||    11
 Stab: Petrified         |       |       |       |     6 ||     6
Armor: Skin              |     9 |    38 |    44 |   113 ||   204
Dodge: Dodged            |    27 |    45 |    91 |   187 ||   350

Table legend: (Time is in decaauts)
 A = Elapsed time spent in this place.
 B = Non-inter-level travel time spent in this place.
 C = Inter-level travel time spent in this place.
 D = Time resting spent in this place.
 E = Time spent auto-exploring this place.
 F = Levels seen in this place.
 G = Mean time per level.
                   A        B        C        D        E       F      G
               +--------+--------+--------+--------+--------+-----+--------+
         Total |  17513 |  17128 |    385 |   5450 |   7051 |  15 | 1167.5 |
       Dungeon |  13219 |  12855 |    364 |   3976 |   5838 |  10 | 1321.9 |
        Temple |     80 |     71 |      9 |      0 |     30 |   1 |   80.0 |
          Lair |   3712 |   3700 |     12 |   1400 |   1183 |   3 | 1237.3 |
      Gauntlet |    500 |    500 |      0 |     74 |      0 |   1 |  500.0 |
               +--------+--------+--------+--------+--------+-----+--------+

Top non-repeatable levels by time:
     D:5: 2159 daAuts
     D:8: 1847 daAuts
     D:3: 1825 daAuts
  Lair:1: 1798 daAuts
     D:7: 1756 daAuts
  Lair:2: 1536 daAuts
     D:2: 1417 daAuts
     D:6: 1339 daAuts
     D:1: 1194 daAuts
     D:4: 908 daAuts
     D:9: 746 daAuts
Gauntlet: 500 daAuts
  Lair:3: 377 daAuts
  Temple: 80 daAuts
    D:10: 23 daAuts
